Cogmind - Beta 17 @@@ ROGUE MODE // 2026.06.24 @ 05:35:33 Player: ThatBishHoly Result: Destroyed by S-10 Pest with Light Assault Rifle Performance ------------- Evolutions (0) 0 Regions Visited (2) 400 Robots Destroyed (8) 40 Value Destroyed (84) 84 Prototype IDs (0) 0 Alien Tech Used (0) 0 Bonus (0) 0 TOTAL SCORE: 524 Bonus ------- None Cogmind --------- Core Integrity 0/250 Matter 27/300 Energy 100/100 System Corruption 5% Temperature Cool (0) Movement Core (350) Ox6 Location -10/Mines Parts ------- > --- POWER (1) -------- (None) > --- PROPULSION (2) --- (None) > --- UTILITY (2) ------ Large Storage Unit > --- WEAPON (2) ------- (None) > --- INVENTORY (15) --- Structural Scanner Terrain Scanner Seismic Detector Improved Light Cannon Improved Light Cannon Mini Grenade Launcher Mini Grenade Launcher Enhanced Flamer Peak State ------------ > --- POWER ------------ Light Ion Engine > --- PROPULSION ------- Light Treads Light Treads > --- UTILITY ---------- Small Storage Unit Large Storage Unit > --- WEAPON ----------- Improved Light Cannon Improved Light Cannon > --- INVENTORY -------- Seismic Detector Improved Light Cannon Improved Light Cannon Mini Grenade Launcher Mini Grenade Launcher Mining Laser [Rating: 10] Favorites ----------- Power Light Ion Engine Engine Light Ion Engine Propulsion Light Treads Treads Light Treads Utility Large Storage Unit Storage Large Storage Unit Weapon Improved Light Cannon Energy Gun EM Pulse Gun Ballistic Gun Assault Rifle Ballistic Cannon Improved Light Cannon Special Weapon Mining Laser Build | -11 -10 -10 ------- Run | Yrd Mat Min Slots Evolved . | . . . Power . | . . . Propulsion . | . . . Utility . | . . . Weapon . | . . . Parts Attached 10 | 6 3 1 Power 1 | 1 . . Engine 1 | 1 . . Core . | . . . Reactor . | . . . Propulsion 2 | 2 . . Treads 2 | 2 . . Leg . | . . . Wheel . | . . . Hover . | . . . Flight . | . . . Utility 2 | 1 1 . Device . | . . . Storage 2 | 1 1 . Processor . | . . . Hackware . | . . . Protection . | . . . Artifact . | . . . Weapon 5 | 2 2 1 Energy Gun 1 | 1 . . Energy Cannon . | . . . Ballistic Gun 1 | 1 . . Ballistic Cannon 2 | . 2 . Launcher . | . . . Special Weapon 1 | . . 1 Impact Weapon . | . . . Slashing Weapon . | . . . Piercing Weapon . | . . . Special Melee Weapon . | . . . Unidentified Prototypes . | . . . Parts Lost 5 | . 1 4 Power 1 | . 1 . Propulsion 1 | . . 1 Utility . | . . . Weapon 3 | . . 3 Highest Loss Streak 2 | . 1 2 To Critical Strikes . | . . . Average Backups 6 | 1 5 8 Power . | . . . Propulsion . | . . . Utility 1 | . 1 3 Weapon 4 | . 4 5 Tool/Special . | . . . Unused Backups 9 | . 1 8 Power . | . . . Propulsion 1 | . 1 . Utility 3 | . . 3 Weapon 5 | . . 5 Tool/Special . | . . . Average Slot Usage (%) 73 | . 81 56 Engine 7 | . 10 . Treads 23 | . 28 15 Storage 14 | . 14 14 Ballistic Cannon 25 | . 26 24 Peak Build Rating 10 | 6 10 8 Average Rating 7 | 4 8 6 On Entrance 4 | . 6 8 Avg Prop Armor Cover (%) . | . . . Naked Turns . | . . . Heaviest Build 31 | 12 31 28 Greatest Support 40 | 40 40 40 Greatest Overweight (x) 1 | . . 1 Average Overweight (x) . | . . . Largest Inventory Capacity 15 | 8 15 15 Average Capacity 11 | 7 10 15 Most Carried 9 | 5 8 9 Average Carried 6 | 1 5 8 Final Capacity 15 | 8 15 15 Final Carried 8 | 3 8 8 Class Distribution -------------------- 100% | Mutant Dominant Class ---------------- Mutant | -10/Materials Mutant | -10/Mines Resources | -11 -10 -10 ----------- Run | Yrd Mat Min Matter Collected 253 | 227 . 26 Remotely . | . . . Salvage Created 90 | 56 20 14 Parts 18 | 5 8 5 Haulers Intercepted . | . . . Recyclers Shooed 1 | 1 . . Parts Field Recycled . | . . . Retrieved Matter . | . . . Parts Self-Destructed . | . . . Prevented . | . . . Parts Restored . | . . . Kills | -11 -10 -10 ------- Run | Yrd Mat Min Combat Hostiles Destroyed 7 | . 3 4 Melee 1 | . . 1 Cannons 6 | . 3 3 Classes Destroyed 3 | 1 1 1 Tunneler 2 | 2 . . Swarmer 6 | . 3 3 Assembled 1 | . . 1 Best Kill Streak 3 | 2 3 3 Combat Bots Only 3 | . 3 3 Max Kills in Single Turn 1 | 1 1 1 Gunslinging . | . . . Exploded . | . . . Melee 1 | . . 1 Uniques/NPCs Destroyed . | . . . Combat | -11 -10 -10 -------- Run | Yrd Mat Min Hostile Shots Fired 85 | . 24 61 Missed 18 | . 5 13 Hits 67 | . 19 48 Melee 6 | . . 6 Projectile 61 | . 19 42 Damage Taken 1145 | . 617 528 Core 258 | . 100 158 Absorbed by Shields . | . . . Core Remaining (%) 100 | 100 . . Volleys Fired 37 | 3 19 15 Largest 2 | 2 2 2 Hottest 100 | 60 66 100 Shots Fired 69 | 6 39 24 Gun 6 | 6 . . Cannon 57 | . 39 18 Launcher . | . . . Special 6 | . . 6 Kinetic 60 | 3 39 18 Thermal 6 | . . 6 Explosive . | . . . Electromagnetic 3 | 3 . . Robot Hit Streak 4 | 4 3 2 Robot Miss Streak 5 | . 2 5 Penetration Max . | . . . Secondary Targets . | . . . Shots Hit Robots 15 | 4 6 5 Core Hits 9 | 3 3 3 Critical Kills . | . . . Critical Parts Destroyed . | . . . Critical Strikes . | . . . Melee Attacks . | . . . Impact . | . . . Slashing . | . . . Piercing . | . . . Sneak Attacks . | . . . Combat Hostiles . | . . . Follow-up Attacks . | . . . Damage Inflicted 339 | 51 130 158 Guns 51 | 51 . . Cannons 285 | . 130 155 Explosions . | . . . Melee . | . . . Ramming 3 | . . 3 Kinetic 296 | 11 130 155 Thermal . | . . . Explosive . | . . . Electromagnetic 40 | 40 . . Impact . | . . . Slashing . | . . . Piercing . | . . . Highest Corruption 5 | . 5 5 Average Corruption 5 | . 5 5 Corruption Purged . | . . . Corruption Blocked . | . . . Effects 11 | . 4 7 Message Errors 1 | . 1 . Matter Fused 5 | . 1 4 Heat Flow Errors 2 | . . 2 Energy Discharges 1 | . 1 . Parts Rejected 1 | . . 1 Misfires 1 | . 1 . Overload Shots . | . . . Overflow Damage 7 | . 1 6 Projectiles 7 | . 1 6 Explosions . | . . . Melee . | . . . Knockbacks 3 | . 2 1 Impact . | . . . Kinetic 3 | . 2 1 Secondary . | . . . Self-Inflicted Damage . | . . . Shots . | . . . Rammed 7 | . . 7 Targets Rammed 8 | . . 8 Kicked . | . . . Crushed 1 | . . 1 Highest Temperature 252 | . 30 252 Average Temperature 45 | . 12 126 Received Heat Transfer . | . . . Siege Activations . | . . . Martial Activations . | . . . Shielding Activations . | . . . Robots Disrupted . | . . . Combat Hostiles . | . . . Robots Corrupted . | . . . Combat Hostiles . | . . . Parts Fried . | . . . Impact Corruptions . | . . . Robots Melted . | . . . Combat Hostiles . | . . . Parts Melted . | . . . Heat Transferred . | . . . Parts Sabotaged . | . . . Parts Stolen . | . . . Parts Stripped . | . . . Power Chain Reactions . | . . . Alert | -11 -10 -10 ------- Run | Yrd Mat Min Maximum Alert Level . | . . . Low Security (%) 100 | 100 100 100 Level 1 . | . . . Level 2 . | . . . Level 3 . | . . . Level 4 . | . . . Level 5 . | . . . High Security . | . . . Max Security . | . . . Peak Influence 86 | 5 86 50 Initial . | . . . Average 12 | . 13 11 Influence Increases 189 | 10 109 70 Destroy 0b10 Robot/C 120 | . 60 60 Destroy 0b10 Robot/NC 10 | 10 . . Destroy Leader 20 | . 10 10 Successful Hack 4 | . 4 . Disable Machine 15 | . 15 . Destroy Structure 5 | . 5 . Lose Combat Pursuer 15 | . 15 . Influence Decreases 189 | 10 109 70 Time Decay 178 | 10 108 60 Lost Part 11 | . 1 10 Squads Dispatched 1 | . 1 . Investigation 1 | . 1 . Extermination . | . . . Reinforcement . | . . . Assault . | . . . Garrison . | . . . Intercept . | . . . Searches Triggered . | . . . Construction Impeded . | . . . Haulers Reinforced . | . . . Active Scanning Responses . | . . . Cargo Convoy Interrupts . | . . . Stealth | -11 -10 -10 --------- Run | Yrd Mat Min Distress Signals . | . . . Communications Jammed . | . . . Distress Signals . | . . . Times Spotted 15 | . 8 7 Peak Tracking Total 3 | . 3 3 Tactical Retreats 1 | . 1 . Traps | -11 -10 -10 ------- Run | Yrd Mat Min Traps Triggered . | . . . Indirectly . | . . . Trap Hack Attempts . | . . . Triggered . | . . . Disarmed . | . . . Reprogrammed . | . . . Reused . | . . . Traps Extracted . | . . . Installed . | . . . Triggered . | . . . Machines | -11 -10 -10 ---------- Run | Yrd Mat Min Machines Disabled 1 | . 1 . Max in Single Turn 1 | . 1 . Machines Repaired . | . . . Machines Dismantled . | . . . Machines Sabotaged . | . . . Overloaded Fab Kills . | . . . Hacking | -11 -10 -10 --------- Run | Yrd Mat Min Machines Accessed 6 | . 6 . Terminals 5 | . 5 . Fabricators . | . . . Repair Stations 1 | . 1 . Recycling Units . | . . . Scanalyzers . | . . . Garrison Access . | . . . Total Hacks 10 | . 10 . Successful 5 | . 5 . Failed 5 | . 5 . Catastrophic . | . . . Database Lockouts . | . . . Manual 10 | . 10 . Terminals 8 | . 8 . Fabricators . | . . . Repair Stations 2 | . 2 . Recycling Units . | . . . Scanalyzers . | . . . Garrison Access . | . . . Terminal Hacks 1 | . 1 . Zone Layout 1 | . 1 . Fabricator Hacks . | . . . Repair Station Hacks . | . . . Recycling Unit Hacks . | . . . Scanalyzer . | . . . Garrison Access Hacks . | . . . Unauthorized Hacks 4 | . 4 . Terminals 4 | . 4 . Botnet 4 | . 4 . Fabricators . | . . . Repair Stations . | . . . Recycling Units . | . . . Scanalyzers . | . . . Garrison Access . | . . . Data Cores Recovered . | . . . Used . | . . . Hacking Detections 4 | . 4 . Full Trace Events 2 | . 2 . Feedback Events . | . . . Feedback Blocked . | . . . Robot Schematics Acquired . | . . . Robots Built . | . . . Authchips . | . . . Time . | . . . Total Robot Build Rating . | . . . Part Schematics Acquired . | . . . Parts Built . | . . . Authchips . | . . . Time . | . . . Total Part Build Rating . | . . . Part Studies Acquired . | . . . Parts Repaired . | . . . Time . | . . . Parts Recycled . | . . . Recycled Matter . | . . . Retrieved Matter . | . . . Retrieved Components . | . . . Parts Scanalyzed . | . . . Part Schematics Acquired . | . . . Parts Damaged . | . . . Bothacking | -11 -10 -10 ------------ Run | Yrd Mat Min Used RIF Installer . | . . . Robots Hacked . | . . . Non-combat . | . . . Combat . | . . . Robot Hacks Applied . | . . . Relay Couplers Released . | . . . Fabnet Peak Effective % . | . . . Robots Rewired . | . . . Allies Hacked . | . . . Hacks Repelled . | . . . Allies | -11 -10 -10 -------- Run | Yrd Mat Min Total Allies . | . . . Largest Group . | . . . Highest-Rated Group . | . . . Highest-Rated Ally . | . . . Total Orders . | . . . Ally Attacks . | . . . Total Damage . | . . . Kills . | . . . Allies Corrupted . | . . . Allies Melted . | . . . Intel | -11 -10 -10 ------- Run | Yrd Mat Min Active Infowar (turns) . | . . . Robot Analysis Total . | . . . Derelict Logs Recovered . | . . . Drone Launches . | . . . Drone Recoveries . | . . . Exploration | -11 -10 -10 ------------- Run | Yrd Mat Min Turns Passed 934 | 84 582 268 Spaces Moved 460 | 56 320 84 Core 26 | 26 . . Treads 434 | 30 320 84 Legs . | . . . Wheels . | . . . Hover . | . . . Flight . | . . . Fastest Speed 50 | 50 160 160 Average Speed 166 | 108 160 227 Slowest Speed 240 | 160 160 240 Overloaded Moves . | . . . Propulsion Burnouts . | . . . Robots Hopped . | . . . Potential Cave-ins . | . . . Cave-ins Triggered 2 | . 2 . Exploration Rate (%) 25 | 3 55 18 Regions Visited 2 Branch Regions 1 Pre-discovered Areas . | . . . Known Exits Taken . | . . . Unknown Exits Taken 2 | 1 1 . Scrap Searched . | . . . Spaces Dug 7 | . 7 . Terrain Destroyed 8 | . 8 . Melee . | . . . Projectile 8 | . 8 . AOE . | . . . Terrain Rammed . | . . . Walls Destroyed . | . . . Machines Disabled . | . . . Actions | -11 -10 -10 --------- Run | Yrd Mat Min Total 536 | 73 354 109 Wait . | . . . Move 458 | 55 319 84 Hop . | . . . Pick Up 19 | 9 9 1 Fast Attach . | . . . Attach 10 | 6 3 1 Detach . | . . . Swap . | . . . Drop 4 | . 4 . Fire 37 | 3 19 15 Melee . | . . . Ram 5 | . . 5 Kick . | . . . Crush 3 | . . 3 Escape Stasis . | . . . Rewire . | . . . Trap . | . . . Miscellaneous . | . . . Route ------- -11/Scrapyard -10/Materials (discovered 2 exits: [*Mat] / [*Min]) -10/Mines History --------- Turn | Location | Event 8 | -11/Scrapyard | Discovered new exit (range 15) 85 | -11/Scrapyard | Entered Materials 308 | -10/Materials | Build established: Mutant 496 | -10/Materials | Discovered new exit (range 8) 537 | -10/Materials | Crushed by falling debris 543 | -10/Materials | Crushed by falling debris 646 | -10/Materials | Discovered new exit (range 13) 667 | -10/Materials | Entered Mines 778 | -10/Mines | A weapon hastily lodged in a ceiling crevice suddenly fell to the ground 843 | -10/Mines | Excavation squad dispatched 843 | -10/Mines | A large section of the Mines collapsed 861 | -10/Mines | Core integrity fell below 50% 929 | -10/Mines | Core integrity fell below 20% 935 | -10/Mines | Destroyed by S-10 Pest with Light Assault Rifle Last Messages --------------- 00778_ An Enh. Flamer has been hastily shoved under some rubble with a note attached: "One is never enough." 00787_ Acquired Enh. Flamer. 00790_ System corrupted: Matter fused (-6). 00825_ System corrupted: Matter fused (-8). 00832_ K-01 Serf collects debris. 00843_ K-01 Serf crushed by falling debris. 00843_ ALERT: Suspicious cave-in, suspected derelict activity in mines. Dispatching escorted excavation squad. 00854_ System corrupted: Heat flow error (+277). 00858_ Slammed into as-53246. 00860_ Imp. Light Cannon destroyed. 00860_ Slammed into as-53246. 00863_ Crushed as-53246. 00863_ as-53246 destroyed. 00913_ System corrupted: Lgt. Treads rejected. 00917_ Mining Laser destroyed. 00919_ Slammed into S-10 Pest. 00921_ Imp. Light Cannon destroyed. 00923_ Slammed into S-10 Pest. Map ----- +----------------------------------------------------+ | ?????????????????????????????????????????????????? | | ?????????????????????????????????????????????????? | | ?????????????????????????????????????????????????? | | ?????????????????????????????????????????????????? | | ?????????????????????????????????????????????????? | | ?????????????????????????????????????????????????? | | ?????????????????????????????????????????????????? | | ?????????????????????????????????????????????????? | | ?????????????????????????????????????????????????? | | ?????????????????????????????????????????????????? | | ????????????????????#????????????????????????????? | | ???????????????????? ???????????????????????????? | | ????????????????????# ????##?????????????????????? | | ????????????????????# ???# ######????????????????? | | ????????????????????# ??# ##???????????????? | | ????????????????????# #?# #???????????????? | | ????????????????????# ### ##??????????????? | | ????????????????##### ## ???????????????? | | ????????????????# ##???????????????? | | ????????????????# ????????????????? | | ?????#??????##### #?# #???????????????????? | | ????? ??????# ### ### #????????????????????? | | ????# #?????# ###;##?????????????????????? | | ????# #?????# #########;;=##?????????????????????? | | #???# #?????# #???????## ###????????????????????? | | ##??# #????## #????????##@s;#?????## #???????????? | | #??# #???## ##????????##s## ?? #???????????? | | ##?# #??## #????????###s## ????????????? | | ### #??# #??????????## ##????????????????? | | ## #### #??????????" ##?????????????????? | | #?????????## #??????????????????? | | ######### #??????????# ??????????????????? | | ###???????# #??????????# #?????????????????? | | ??????????## ##??????????# #?????????????????? | | ???????????####???????????## ##?????????????????? | | ????????????????????????????###??????????????????? | | ?????????????????????????????????????????????????? | | ?????????????????????????????????????????????????? | | | | | | | | | | | | | | | | | | | | | | | | | +----------------------------------------------------+ Best States ------------- Heat Dissipation 25 Energy Generation 10 Energy Capacity 125 Matter Stores 258 Matter Capacity 300 Sight Range 16 Terrain Scan Density 10 Evasion (%) 50 Recoil Reduction 2 Item Schematics ----------------- None Robot Schematics ------------------ None Fabricated ------------ Nothing Repaired ---------- Nothing Studied --------- None Alien Tech Used ----------------- None Achievements -------------- None Challenges ------------ None Game ------ Seed TargetingEtherialArchive Manual? 0 Play Time 00:12:31 Cumulative 89.5 hours Start 2026.06.24 @ 05:17:16 End 2026.06.24 @ 05:35:33 Sessions 1 Manual Loads 0 Difficulty Rogue Special Mode None Game No. 263 Rogue 263 Adventurer 0 Explorer 0 Win Type - Total 0 Types 0/0/0/0/0/0/0/0/0/0 Lore% 23 Gallery% 37 Achievement% 19 Wizard Run 0 Options --------- Layout 0 ASCII 0 Keyboard 0 Movement Arrows Keybinds 0 Fullscreen 1 Font 12/Smallcaps Map View 38x28 Zoom Use 100% Tactical HUD 1 Map Filters NONE Filters NONE Steam SD RUN: dc51fbbf-e9f4-412a-aa72-0fddcb1a8e28